 Dungeon Crawl Stone Soup version 0.30.1-4-g462c640d31 (webtiles) character file.

Game seed: 11884587769447874498

434 safid the Chiller (level 7, -6/54 HPs)
             Began as a Merfolk Ice Elementalist on Aug 28, 2023.
             Killed by nerve-wracking pain
             ... invoked by Grinder
              (11 damage)
             ... on level 5 of the Dungeon.
             The game lasted 00:07:46 (4207 turns).

safid the Chiller (Merfolk Ice Elementalist)        Turns: 4207, Time: 00:07:47

Health: -6/54      AC:  5    Str: 14    XL:     7   Next: 0%
Magic:  0/13       EV: 12    Int: 16    God:
Gold:   168        SH:  0    Dex: 14    Spells: 4/14 levels left

rFire   . . .        y - +2 short sword (elec)
rCold   . . .        (no shield)
rNeg    . . .        a - +0 robe
rPois   .            l - +0 helmet
rElec   .            s - +0 cloak
rCorr   .            (no gloves)
SInv    +            o - +0 pair of boots
Will    .....        m - amulet of Equivalence {Spirit Drain Str+5}
Stlth   ++           c - ring of see invisible
HPRegen 0.29/turn    (no ring)
MPRegen 0.13/turn

%: guardian spirit
@: no status effects
A: (nimble swimmer 2), mertail
a: no special abilities


You were on level 5 of the Dungeon.
You visited 1 branch of the dungeon, and saw 5 of its levels.

You collected 168 gold pieces.

Inventory:

Hand Weapons
 q - a +0 spear of venom
 y - a +2 short sword of electrocution (weapon)
Armour
 a - a +0 robe (worn)
 l - a +0 helmet (worn)
 o - a +0 pair of boots (worn)
 s - a +0 cloak (worn)
Jewellery
 c - a ring of see invisible (left hand)
 m - the amulet of Equivalence (around neck) {Spirit Drain Str+5}
   (You found it on level 3 of the Dungeon)

   [amulet of guardian spirit]

   It causes incoming damage to be divided between your reserves of health and
   magic.
   Str:       It affects your strength (+5).
   Drain:     It drains your maximum health when unequipped.
Wands
 p - a wand of digging (5)
Scrolls
 h - a scroll of teleportation {unknown}
 i - 5 scrolls of identify {unknown}
 j - a scroll of amnesia {unknown}
 k - 2 scrolls of noise {unknown}
 n - a scroll of acquirement {unknown}
 r - a scroll of immolation {unknown}
 t - a scroll of poison {unknown}
 u - a scroll of magic mapping {unknown}
 v - a scroll of enchant armour {unknown}
 x - a scroll of brand weapon {unknown}
Potions
 b - a potion of magic
 d - a potion of resistance
 e - 2 potions of mutation {unknown}
 f - a potion of curing
 g - a potion of berserk rage {unknown}
 z - a potion of flight {unknown}


   Skills:
 + Level 4.1 Fighting
 - Level 2.6 Dodging
 - Level 2.1 Stealth
 + Level 4.1 Spellcasting
 + Level 6.2 Ice Magic


You had 4 spell levels left.
You knew the following spells:

 Your Spells              Type           Power      Damage    Failure   Level
a - Freeze                Ice            92%        1d9       1%          1
b - Frozen Ramparts       Ice            46%        1d7       3%          3
c - Ozocubu's Armour      Ice            23%        N/A       3%          3
d - Hailstorm             Conj/Ice       13%        3d5       14%         3

Your spell library contained the following spells:

 Spells                   Type           Power      Damage    Failure   Level
 Wereblood                Tmut           3%         N/A       26%         2
 Ice Form                 Ice/Tmut       13%        N/A       43%         4
 Summon Ice Beast         Ice/Summ       13%        N/A       43%         4
 Ignite Poison            Fire/Tmut/Pois 3%         N/A       45%         3
 Iskenderun's Battlesphe  Conj           3%         2d6       99%         5


Dungeon Overview and Level Annotations

Branches:
Dungeon (5/15)
 Temple: D:4-7

Altars:

Annotations:
D:3 2 runed translucent doors, erynZofia's ghost, amateur KoEn
D:5 Grinder


Innate Abilities, Weirdness & Mutations

((You are very nimble when in or above water. (Stealth+, EV+, Speed+++)))
Your lower body shifts to a powerful aquatic tail in water.


Message History

You barely miss Grinder.
Grinder is almost dead.
Grinder drinks a potion.
Grinder is healed!
You feel much better. Grinder hits you.
You writhe in agony.
* * * LOW HITPOINT WARNING * * *
Unknown command.
You closely miss Grinder.
Grinder is heavily wounded.
Grinder closely misses you.
You hit Grinder but do no damage. Lightning courses through Grinder!
Grinder is severely wounded.
Grinder hits you.
You writhe in agony.
* * * LOW HITPOINT WARNING * * *
You closely miss Grinder.
Grinder is severely wounded.
Grinder barely misses you.
You hit Grinder but do no damage.
Grinder is severely wounded.
Grinder closely misses you.
You hit Grinder.
Grinder is severely wounded.
Grinder barely misses you.
You completely miss Grinder.
Grinder is severely wounded.
Grinder hits you.
* * * LOW HITPOINT WARNING * * *
You writhe in agony.
* * * LOW HITPOINT WARNING * * *
You hit Grinder.
Grinder is severely wounded.
Grinder hits you.
* * * LOW HITPOINT WARNING * * *
You writhe in agony.
* * * LOW HITPOINT WARNING * * *
Unknown command.
You hit Grinder.
Grinder is almost dead.
Grinder gestures at you. Pain shoots through your body!
You die...

####### ......>########
.$..<.....^...#
..............#
..............#
......>.......####
...............5@#######
..............##...!....
..............##########
##.#######.#### #.
#..#### #..†..#######
###......>..##
##.######..###..# #.#
###.......#


You could see Grinder.

Vanquished Creatures
  A water moccasin (D:5)
  A scorpion (D:4)
  An iguana (D:4)
  2 orc wizards
  Robin (D:4)
  4 gnolls (D:3)
  3 adders (D:3)
  2 worms (D:3)
  A dart slug (D:1)
  12 orcs
  11 bats
  7 endoplasms
  4 giant cockroaches
  10 goblins
  8 hobgoblins
  5 jackals
  4 quokkas
  5 ball pythons
  3 frilled lizards
  3 kobolds
  8 rats
96 creatures vanquished.

Notes
Turn   | Place    | Note
-------+----------+-------------------------------------------
     0 | D:1      | safid the Merfolk Ice Elementalist began the quest for the
                  | Orb.
     0 | D:1      | Reached XP level 1. HP: 13/13 MP: 3/3
   124 | D:1      | Reached XP level 2. HP: 17/20 MP: 5/5
   171 | D:1      | Reached skill level 1 in Fighting
   441 | D:1      | Reached XP level 3. HP: 26/26 MP: 6/6
   479 | D:1      | Learned a level 3 spell: Frozen Ramparts
   686 | D:1      | Found a faded altar of an unknown god.
   686 | D:1      | Noticed a Brimstone Fiend
  1018 | D:2      | You fall into a shaft and drop 1 floor!
  1032 | D:3      | Identified the amulet of Equivalence {Spirit Drain Str+5}
  1143 | D:3      | Learned a level 3 spell: Ozocubu's Armour
  2129 | D:3      | Reached XP level 4. HP: 31/33 MP: 8/8
  2151 | D:3      | Reached skill level 5 in Ice Magic
  2478 | D:3      | Reached XP level 5. HP: 39/39 MP: 0/9
  2563 | D:3      | Found a large runed translucent door.
  2563 | D:3      | Found a large runed translucent door.
  2565 | D:3      | Noticed erynZofia's ghost (amateur KoEn)
  2978 | D:4      | Noticed Robin
  3259 | D:4      | Reached XP level 6. HP: 46/47 MP: 5/11
  3272 | D:4      | Killed Robin
  3431 | D:4      | Identified the +3 ring mail of Impermeability {rPois rC-
                  | Str+3 Int+5}
  3745 | D:4      | Got Sif Muna's Compendium of Outbursts and Reformation
  3750 | D:4      | Learned a level 3 spell: Hailstorm
  3965 | D:5      | Entered Level 5 of the Dungeon
  3985 | D:5      | Noticed a water moccasin
  4000 | D:5      | Killed a water moccasin
  4001 | D:5      | Reached skill level 6 in Ice Magic
  4001 | D:5      | Reached XP level 7. HP: 27/54 MP: 2/13
  4131 | D:5      | Noticed Grinder
  4175 | D:5      | Paralysed by Grinder for 5 turns
  4185 | D:5      | Paralysed by Grinder for 2 turns
  4193 | D:5      | Paralysed by Grinder for 3 turns
  4207 | D:5      | Killed from afar by Grinder

Illustrated notes

Levels and vault maps discovered:
D:1:      lightli_arrival_flooded_house, layout_rooms, serial_co_window_serial,
          co_window_of_opportunity_a, co_window_corner_a, co_window_cross_1,
          co_window_paths_a, co_window_corner_a, co_window_paths_b,
          co_window_cross_3, co_window_corner_b, co_window_broadway_b,
          glass_columns_a, glass_columns_a,
          dreamdust_ecumenical_altar_sealed_demon, minmay_surrounded
D:2:      layout_basic
D:3:      layout_rooms, ebering_ghost_disaster_area
D:4:      layout_gridville, minmay_door_square, hangedman_decor_opposing,
          uniq_robin
D:5:      layout_rooms, tso_metal_star, minmay_diced_spiral, uniq_eustachio,
          uniq_grinder

Skill      XL: |  1  2  3  4  5  6 |
---------------+-------------------+-----
Fighting       | 1 2 3 4 |  4.1
Ice Magic      | 5 6 |  6.2
Spellcasting   | 3 4 |  4.1
Dodging        | |  2.6
Stealth        | |  2.1

Action                     |  1- 3 |  4- 6 |  7- 9 || total
---------------------------+-------+-------+-------++-------
  Melee: Dagger            |   154 |       |       ||   154
         Spear             |       |    89 |       ||    89
         Short sword       |       |    10 |    25 ||    35
         Punch             |       |       |     1 ||     1
   Cast: Freeze            |    16 |    10 |       ||    26
         Frozen Ramparts   |       |    13 |     2 ||    15
         Ozocubu's Armour  |       |     6 |     1 ||     7
    Use: Potion            |       |     2 |     2 ||     4
   Stab: Sleeping          |    13 |     6 |       ||    19
         Distracted        |       |     1 |       ||     1
 Armour: Robe              |    39 |    32 |     4 ||    75
  Dodge: Dodged            |   121 |    38 |     9 ||   168
